 Dungeon Crawl Stone Soup version 0.29-a0-1014-ga8c0faee3b (webtiles) character file.

Game seed: 11215560676264239763

10 BritishOli the Trooper (level 2, 22/24 HPs)
             Began as a Demonspawn Fighter on Aug 9, 2022.
             Got out of the dungeon alive.
             The game lasted 00:00:31 (633 turns).

BritishOli the Trooper (Demonspawn Fighter)          Turns: 633, Time: 00:00:31

Health: 22/24      AC:  6    Str: 16    XL:     2   Next: 10%
Magic:  2/2        EV:  9    Int:  9    God:
Gold:   76         SH:  4    Dex: 12    Spells: 1/1 levels left

rFire   . . .      SeeInvis .   a - +0 long sword
rCold   . . .      Faith    .   c - +0 buckler
rNeg    . . .      Spirit   .   b - +0 scale mail
rPois   .          Reflect  .   (no helmet)
rElec   .          Harm     .   (no cloak)
rCorr   .          Rampage  .   (no gloves)
Will    .....                   (no boots)
Stlth   ..........              (no amulet)
HPRegen 0.08/turn               (no ring)
MPRegen 0.08/turn               (no ring)

@: no status effects
A: sturdy frame 1
a: no special abilities


You escaped.
You visited 1 branch of the dungeon, and saw 1 of its levels.

You collected 76 gold pieces.

Inventory:

Hand Weapons
 a - a +0 long sword (weapon)
Armour
 b - a +0 scale mail (worn)
 c - a +0 buckler (worn)
Scrolls
 e - a scroll of brand weapon {unknown}
Potions
 d - a potion of might


   Skills:
 + Level 3.2 Fighting
 + Level 2.0 Long Blades
 + Level 2.8 Armour
 + Level 2.8 Shields


You had one spell level left.
You didn't know any spells.
Your spell library contained the following spells:

 Spells                   Type           Power      Damage    Failure   Level
 Freeze                   Ice            0%         1d3       77%         1
 Frozen Ramparts          Ice            0%         1d1       98%         3
 Hailstorm                Conj/Ice       0%         3d3       100%        4


Dungeon Overview and Level Annotations

Branches:
Dungeon (1/15)

Altars:


Innate Abilities, Weirdness & Mutations

Your movements are slightly less encumbered by armour. (ER -2)


Message History

A quokka is nearby!
You hit the quokka.
You kill the quokka!
There is an open door here.
A kobold comes into view. It is wielding a +0 club.
The kobold shouts!
A kobold is nearby!
A kobold is nearby!
The kobold hits you with a +0 club.
You hit the kobold but do no damage. The kobold closely misses you.
You barely miss the kobold. The kobold hits you but does no damage.
You hit the kobold but do no damage. The kobold hits you but does no damage.
You block the kobold's attack.
You closely miss the kobold. The kobold hits you but does no damage.
You barely miss the kobold. The kobold barely misses you.
You barely miss the kobold. The kobold hits you but does no damage.
The kobold misses you.
You closely miss the kobold. The kobold hits you but does no damage.
You barely miss the kobold. The kobold hits you with a +0 club.
The kobold hits you but does no damage.
You barely miss the kobold. You block the kobold's attack.
You closely miss the kobold. The kobold barely misses you.
You barely miss the kobold. The kobold hits you with a +0 club.
You block the kobold's attack.
You closely miss the kobold. The kobold closely misses you.
You slash the kobold!
You kill the kobold!
No target in view!
No target in view!
Found a murky green potion.
There is an open door here.
A ball python comes into view.
The ball python hisses angrily.
The ball python moves out of view.
You can't go up here!
A ball python is nearby!
Unknown command.
There is a staircase leading out of the dungeon here.
Are you sure you want to leave the Dungeon?
This will make you lose the game!
You have escaped!

##...##.#'......####......'#.....
........#........##........#.##.#
####...##...##...##...##...#....#
####...##..####..##..####..#.####
..##...##..####..##..####..#.....
..##...##...##...##...##...#..##.
..##...##..................#.....
†.......##................##.....
........#######.@##..#######.....
........#######..##..## #.....
........##...........S. #.....
........#............... #.....
........#...##...##...##.. #.....
..#######..####..##..## . #.....
..# #..####..# ..# #..[.# ..#
#...##...# . #....# ..#
#........# #....#


There were no monsters in sight!

Vanquished Creatures
  A hobgoblin (D:1)
  2 quokkas (D:1)
  3 ball pythons (D:1)
  A bat (D:1)
  A goblin (D:1)
  2 kobolds (D:1)
  2 rats (D:1)
12 creatures vanquished.

Notes
Turn   | Place    | Note
-------+----------+-------------------------------------------
     0 | D:1      | BritishOli the Demonspawn Fighter began the quest for the
                  | Orb.
     0 | D:1      | Reached XP level 1. HP: 18/18 MP: 1/1
   501 | D:1      | Gained mutation: Your movements are slightly less
                  | encumbered by armour. (ER -2) [demonic ancestry]
   501 | D:1      | Reached XP level 2. HP: 23/24 MP: 2/2
   633 | D:$      | Got out of the dungeon alive.

Illustrated notes

Levels and vault maps discovered:
D:1:      minmay_arrival_four_loops, layout_basic, minmay_split_cup_large

Skill      XL: |  1 |
---------------+----+-----
Long Blades    | 2 |  2.0
Fighting       | |  3.2
Armour         | |  2.8
Shields        | |  2.8

Action                   || total
-------------------------++-------
Melee: Long sword        ||    53
Armor: Scale mail        ||    31
Dodge: Dodged            ||    30
Block: Buckler           ||    16

Table legend: (Time is in decaauts)
 A = Elapsed time spent in this place.
 B = Non-inter-level travel time spent in this place.
 C = Inter-level travel time spent in this place.
 D = Time resting spent in this place.
 E = Time spent auto-exploring this place.
 F = Levels seen in this place.
 G = Mean time per level.
                   A        B        C        D        E       F      G
               +--------+--------+--------+--------+--------+-----+--------+
         Total |    651 |    619 |     32 |    157 |    340 |   1 |  651.0 |
       Dungeon |    651 |    619 |     32 |    157 |    340 |   1 |  651.0 |
               +--------+--------+--------+--------+--------+-----+--------+

Top non-repeatable levels by time:
     D:1: 651 daAuts
